 Dungeon Crawl Stone Soup version 0.29.1-12-g30fa7ad0bf (webtiles) character file.

Game seed: 12086320216647480576

2836027 ChadusMaximus the Hoplite (level 27, 216/216 HPs)
             Began as a Minotaur Fighter on Dec 13, 2022.
             Was a High Priest of Okawaru.
             Escaped with the Orb
             ... and 5 runes!
             The game lasted 02:25:17 (83751 turns).

ChadusMaximus the Hoplite (Minotaur Fighter)       Turns: 83751, Time: 02:25:18

Health: 216/216    AC: 40    Str: 40    XL:     27
Magic:  27/28      EV: 22    Int:  8    God:    Okawaru [*****.]
Gold:   7936       SH: 27    Dex: 16    Spells: 26/26 levels left

rFire   + . .      SeeInvis .   q - +10 war axe of Foul Odours {speed, Drain rC++ Int+3}
rCold   + + +      Faith    .   l - +4 kite shield of the Quahog {Slay+3}
rNeg    + + .      Spirit   .   e - +1 crystal plate armour of the Pure Emperors {+Blink Will+}
rPois   +          Reflect  +   T - +2 hat of the Valley {+Blink rPois Dex+4}
rElec   .          Harm     .   h - +2 cloak {Stlth+}
rCorr   +          Rampage  .   U - +3 pair of gauntlets of War {Slay+5}
Will    ++++.                   x - +2 pair of boots of Duty {rN+ rCorr Str+7}
Stlth   ..........              O - amulet of the Little Devil {Reflect +Inv rF+ rN+ SH+5}
HPRegen 0.46/turn               t - ring of willpower
MPRegen 0.21/turn               X - +4 ring of slaying

@: heroic, studying 4 skills
A: horns 2, retaliatory headbutt, cold resistance 1, deformed body, frail 2, low
MP 1, subdued magic 1
0: Orb of Zot
}: 5/15 runes: barnacled, slimy, silver, abyssal, gossamer
a: Renounce Religion, Evoke Blink, Evoke Invisibility, Heroism, Finesse, Duel


You escaped.
You worshipped Okawaru.
Okawaru was extremely pleased with you.
You visited 11 branches of the dungeon, and saw 53 of its levels.
You visited the Abyss 2 times.
You visited 1 bazaar.
You also visited: Trove, Bailey, Gauntlet and Ice Cave.

You collected 8116 gold pieces.
You spent 180 gold pieces at shops.

Inventory:

Hand Weapons
 o - the +8 broad axe of Dogma {distort, rF+ Dex+2}
   (Okawaru gifted it to you on level 4 of the Shoals)

   It warps and distorts space around it, and may blink, banish, or inflict
   extra damage upon those it strikes.
   Unwielding it can cause banishment or high damage.
   Dex:       It affects your dexterity (+2).
   rF:        It protects you from fire.
 q - the +10 war axe of Foul Odours (weapon) {speed, Drain rC++ Int+3}
   (You found it on level 2 of the Dungeon)

   Attacks with this weapon are significantly faster.
   Int:       It affects your intelligence (+3).
   rC:        It greatly protects you from cold.
   Drain:     It drains your maximum health when unequipped.
Missiles
 A - 27 boomerangs
 E - 6 throwing nets
 F - 12 javelins
 P - 13 silver javelins (quivered)
 V - 4 silver boomerangs
Armour
 e - the +1 crystal plate armour of the Pure Emperors (worn) {+Blink Will+}
   (Okawaru gifted it to you on level 14 of the Dungeon)

   +Blink:    It lets you blink.
   Will:      It increases your willpower.
 h - a +2 cloak of stealth (worn)
 l - the +4 kite shield of the Quahog (worn) {Slay+3}
   (Okawaru gifted it to you on level 1 of the Vaults)

   Slay:      It affects your accuracy & damage with ranged weapons and melee
   (+3).
 x - the +2 pair of boots of Duty (worn) {rN+ rCorr Str+7}
   (You found it on level 5 of the Pits of Slime)

   Str:       It affects your strength (+7).
   rN:        It protects you from negative energy.
   rCorr:     It protects you from acid and corrosion.
 H - the +2 hood of the Assassin {Detection Stab+ Stlth++}
   (You found it on level 3 of the Depths)

   It allows the wearer to sense nearby creatures.
   It allows the wearer to make particularly effective stabbing attacks against
   helpless or unaware enemies with any weapon.
   Stlth:     It makes you much more stealthy.
 T - the +2 hat of the Valley (worn) {+Blink rPois Dex+4}
   (You found it on level 1 of the Vaults)

   Dex:       It affects your dexterity (+4).
   rPois:     It protects you from poison.
   +Blink:    It lets you blink.
 U - the +3 pair of gauntlets of War (worn) {Slay+5}
   (Okawaru gifted it to you on level 2 of the Orcish Mines)

   Slay:      It affects your accuracy & damage with ranged weapons and melee
   (+5).
Jewellery
 t - a ring of willpower (left hand)
 y - a ring of protection from fire
 K - a +6 ring of strength
 O - the amulet of the Little Devil (around neck) {Reflect +Inv rF+ rN+ SH+5}
   (You found it on level 4 of the Spider Nest)

   [amulet of reflection]

   It reflects blocked missile attacks.
   rF:        It protects you from fire.
   rN:        It protects you from negative energy.
   +Inv:      It lets you turn invisible.
   SH:        It affects your SH (+5).
 W - a ring of protection from cold
 X - a +4 ring of slaying (right hand)
Wands
 B - a wand of digging (7)
Scrolls
 c - 2 scrolls of silence
 j - 10 scrolls of fear
 m - 9 scrolls of enchant armour
 n - 7 scrolls of immolation
 p - 15 scrolls of vulnerability
 s - 28 scrolls of teleportation
 u - 8 scrolls of magic mapping
 v - 3 scrolls of amnesia
 D - 10 scrolls of blinking
 G - 20 scrolls of enchant weapon
 M - 6 scrolls of brand weapon
 Z - 5 scrolls of torment
Potions
 a - 13 potions of ambrosia
 d - 9 potions of might
 i - 11 potions of attraction
 k - 27 potions of curing
 r - 12 potions of lignification
 w - 6 potions of flight
 z - 6 potions of berserk rage
 C - 11 potions of heal wounds
 I - 7 potions of mutation
 J - 8 potions of brilliance
 L - 11 potions of cancellation
 N - 4 potions of magic
 Q - 2 potions of haste
 R - 4 potions of resistance
 Y - 6 potions of invisibility
Miscellaneous
 b - a lightning rod (4/4)
 f - a condenser vane
 g - a lightning rod (4/4)
 S - a phial of floods


   Skills:
 + Level 26.7(27) Fighting
 + Level 26.4(27) Axes
 - Level 16.8(21.8) Throwing
 + Level 26.3(27) Armour
 + Level 23.4(27) Dodging
 + Level 26.9(27) Shields
 + Level 1.1 Poison Magic
 - Level 12.3 Invocations


You had 26 spell levels left.
You didn't know any spells.
Your spell library contained the following spells:

 Spells                   Type           Power      Damage    Failure   Level
 Sting                    Tmut/Pois      0%         1d3       73%         1
 Apportation              Tloc           0%         N/A       80%         1
 Beastly Appendage        Tmut           0%         N/A       80%         1
 Freeze                   Ice            0%         1d3       80%         1
 Magic Dart               Conj           0%         1d3       80%         1
 Sandblast                Erth           0%         2d4       80%         1
 Poisonous Vapours        Pois/Air       0%         N/A       86%         2
 Blink                    Tloc           0%         N/A       91%         2
 Ensorcelled Hibernation  Hex/Ice        0%         N/A       91%         2
 Passwall                 Tmut/Erth      0%         N/A       91%         2
 Scorch                   Fire           0%         2d5       91%         2
 Searing Ray              Conj           0%         2d4       91%         2
 Static Discharge         Conj/Air       0%         3-3/arc   91%         2
 Sublimation of Blood     Necr           0%         N/A       91%         2
 Wereblood                Tmut           0%         N/A       91%         2
 Ignite Poison            Fire/Tmut/Pois 0%         N/A       98%         3
 Mephitic Cloud           Conj/Pois/Air  0%         N/A       98%         3
 Spider Form              Tmut/Pois      0%         N/A       98%         3
 Confusing Touch          Hex            0%         N/A       99%         3
 Conjure Flame            Conj/Fire      0%         6-21      99%         3
 Frozen Ramparts          Ice            0%         1d1       99%         3
 Gell's Gravitas          Tloc           0%         N/A       99%         3
 Inner Flame              Hex/Fire       0%         N/A       99%         3
 Lesser Beckoning         Tloc           0%         N/A       99%         3
 Ozocubu's Armour         Ice            0%         N/A       99%         3
 Portal Projectile        Hex/Tloc       0%         N/A       99%         3
 Stone Arrow              Conj/Erth      0%         3d7       99%         3
 Teleport Other           Tloc           0%         N/A       99%         3
 Cause Fear               Hex            0%         N/A       100%        4
 Corpse Rot               Necr/Pois/Air  0%         N/A       100%        4
 Flame Wave               Conj/Fire      0%         2d4       100%        4
 Fulminant Prism          Conj/Hex       0%         3d6       100%        4
 Hailstorm                Conj/Ice       0%         3d3       100%        4
 Ice Form                 Ice/Tmut       0%         N/A       100%        4
 Iskenderun's Mystic Bla  Conj/Tloc      0%         2d3       100%        4
 Leda's Liquefaction      Hex/Erth       0%         N/A       100%        4
 Olgreb's Toxic Radiance  Pois           1%         N/A       100%        4
 Passage of Golubria      Tloc           0%         N/A       100%        4
 Petrify                  Tmut/Erth      0%         N/A       100%        4
 Sticky Flame             Conj/Fire      0%         2d3       100%        4
 Alistair's Intoxication  Tmut/Pois      0%         N/A       100%        5
 Blade Hands              Tmut           0%         N/A       100%        5
 Borgnjor's Vile Clutch   Necr/Erth      0%         N/A       100%        5
 Fireball                 Conj/Fire      0%         3d3       100%        5
 Irradiate                Conj/Tmut      0%         3d11      100%        5
 Iskenderun's Battlesphe  Conj           0%         2d6       100%        5
 Lee's Rapid Deconstruct  Erth           0%         3d5*      100%        5
 Lightning Bolt           Conj/Air       0%         1d11      100%        5
 Metabolic Englaciation   Hex/Ice        0%         N/A       100%        5
 Silence                  Hex/Air        0%         N/A       100%        5
 Yara's Violent Unravell  Hex/Tmut       0%         3d3       100%        5
 Conjure Ball Lightning   Conj/Air       0%         3x3d6     100%        6
 Eringya's Noxious Bog    Tmut/Pois      0%         N/A       100%        6
 Iron Shot                Conj/Erth      0%         9d1       100%        6
 Starburst                Conj/Fire      0%         6d3       100%        6
 Statue Form              Tmut/Erth      0%         N/A       100%        6
 Dragon Form              Tmut           0%         N/A       100%        7
 Enfeeble                 Hex            0%         N/A       100%        7
 Orb of Destruction       Conj           0%         9d5       100%        7
 Ozocubu's Refrigeration  Ice            0%         4d7       100%        7
 Storm Form               Tmut/Air       0%         N/A       100%        7
 Borgnjor's Revivificati  Necr           0%         N/A       100%        8
 Discord                  Hex            0%         N/A       100%        8
 Disjunction              Tloc           0%         N/A       100%        8
 Ignition                 Fire           0%         3d3       100%        8
 Lehudib's Crystal Spear  Conj/Erth      0%         10d2      100%        8
 Maxwell's Capacitive Co  Air            0%         ∞         100%        8
 Necromutation            Tmut/Necr      0%         N/A       100%        8
 Chain Lightning          Conj/Air       0%         N/A       100%        9
 Death's Door             Necr           0%         N/A       100%        9
 Fire Storm               Conj/Fire      0%         5d1       100%        9
 Shatter                  Erth           0%         3d5*      100%        9
 Call Canine Familiar     Summ           Unusable   N/A       N/A         3
 Summon Guardian Golem    Hex/Summ       Unusable   N/A       N/A         3
 Animate Armour           Summ/Erth      Unusable   N/A       N/A         4
 Summon Ice Beast         Ice/Summ       Unusable   N/A       N/A         4
 Summon Forest            Summ/Tloc      Unusable   N/A       N/A         5
 Summon Mana Viper        Hex/Summ       Unusable   N/A       N/A         5
 Simulacrum               Ice/Necr       Unusable   N/A       N/A         6
 Summon Cactus Giant      Summ           Unusable   N/A       N/A         6
 Haunt                    Necr/Summ      Unusable   N/A       N/A         7
 Summon Hydra             Summ           Unusable   N/A       N/A         7
 Dragon's Call            Summ           Unusable   N/A       N/A         9

Dungeon Overview and Level Annotations

Branches:
Dungeon (15/15)            Temple (1/1) D:6            Lair (5/5) D:11
 Shoals (4/4) Lair:2       Spider (4/4) Lair:2        Slime (5/5) Lair:5
    Orc (2/2) D:11            Elf (3/3) Orc:2        Vaults (5/5) D:13
  Crypt (0/3) Vaults:3     Depths (4/4) D:15            Zot (5/5) Depths:4
 Bailey (visited)           IceCv (visited)         Gauntlet (visited)

Altars:
Ashenzari
Cheibriados
Dithmenos
Elyvilon
Fedhas
Gozag
Hepliaklqana
Kikubaaqudgha
Makhleb
Nemelex Xobeh
Okawaru
Qazlal
Ru
Trog
Uskayaw
Vehumet
Yredelemnul
Zin
The Shining One
Jiyva

Shops:
D:5 =:(   D:7 !   D:14 *!!   D:15 *   Orc:1 [[   Orc:2 [*(=   Elf:2 [
Elf:3 *?=*?   Vaults:1 =   Vaults:3 [   Depths:1 !

Portals:
Hell: Depths:1 Depths:2 Depths:3 Depths:4
Abyss: Depths:3
Pandemonium: Depths:1 Depths:2
Ziggurat: Depths:2

Annotations:
D:9 1 transporter


Innate Abilities, Weirdness & Mutations

You have a pair of horns on your head.
You reflexively headbutt those who attack you in melee.
Your flesh is cold resistant. (rC+)
Armour fits poorly on your strangely shaped body.
You are very frail. (-20% HP)
Your magical capacity is low. (-10% MP)
Your spells are a little easier to cast, but a little less powerful.


Message History

Magic restored.
There is a stone staircase leading up here.
There is a stone staircase leading up here.
You climb upwards.
There is a stone staircase leading down here.
(D) Dungeon (T) Temple (L) Lair (A) Shoals (N) Spider Nest (M) Slime Pits (O) Orcish Mines (E) Elven Halls (V) Vaults (C) Crypt (U) Depths (H) Hell (Z) Zot
Where to? (Enter - D:4 @ (x,y), ? - help)
What level of the Dungeon? (default 1, ? - help)
You see here a +0 dagger.
HP restored.
There is a stone staircase leading up here.
You climb upwards.
There is a stone staircase leading down here.
You feel like a meek peon again.
There is a stone staircase leading up here.
You climb upwards.
There is a stone staircase leading down here.
There is an open door here.
There is an open door here.
You enter the shallow water.
Moving in this stuff is going to be slow.
An Orb Guardian comes into view.
You gain the combat prowess of a mighty hero.
You slice the Orb Guardian!!
You headbutt the Orb Guardian, but do no damage.
The Orb Guardian is moderately wounded.
You slash the Orb Guardian! Your headbutt misses the Orb Guardian.
The Orb Guardian is heavily wounded.
You hit the Orb Guardian. You headbutt the Orb Guardian!
The Orb Guardian is severely wounded.
The Orb Guardian splashes around in the water.
You open the Orb Guardian like a pillowcase!!!
You kill the Orb Guardian!
Okawaru accepts your kill.
There is a staircase leading out of the dungeon here.
You can't go down here!
You have escaped!

....##..........#####......#.....
....##..........# #......#.....
....####........# ##.>....#.....
....#...........# #.............
....#...####'#######...........#.
....#...##...#~~≈≈##...........##
....#...##.#.#~##≈##...).......#
....#...##.###~~~~##...........#
#####...##.~~#~#@≈'............#
#..+...####~#~#~~#............#
#.##....###~#~##≈#............#
#.......'.~#~#~~≈#............#
####....###########............#
.....#...# #...#............#
.....###.# ###.#.#...##########
####.# #.# #...#.###.# .....#
#.####.###.# #.#


There were no monsters in sight!

Vanquished Creatures
  Dissolution (Slime:4)
  the Royal Jelly (Slime:5)
  3 orbs of fire (Zot:5)
  A dread lich (Zot:2)
  4 ancient liches
  Mennas (Vaults:2)
  Mara (Spider:3)
  A juggernaut (Depths:1)
  7 Killer Klowns (Zot:5)
  Margery (Arena)
  Frederick (Vaults:3)
  Vv (Depths:4)
  A shard shrike (Zot:1)
  Boris (thrice) (Vaults:3 Depths:1 Depths:2)
  Saint Roka (Vaults:1)
  The ghost of Veunluaf the Hoplite, a veteran MiFi of Okawaru (Zot:1)
  4 caustic shrikes (Depths:4)
  3 curse toes
  8 golden dragons
  2 bone dragons
  3 doom hounds (Depths:2)
  2 Tzitzimimeh
  8 electric golems
  15 tentacled monstrosities
  A Hell Sentinel (Abyss:2)
  Rupert (D:13)
  Mlioglotl (Shoals:1)
  7 titans
  Grunn (Depths:2)
  28 Orb Guardians
  A deep elf blademaster (Elf:3)
  A kraken (Shoals:2)
  2 deep elf master archers (Elf:3)
  4 liches
  An Executioner (Depths:1)
  17 acid blobs
  Polyphemus (Arena)
  5 quicksilver dragons
  9 sphinxes
  5 tentacled starspawn
  16 death cobs
  15 storm dragons
  10 tengu reavers
  15 shadow dragons
  9 draconian monks
  Donald (Arena)
  13 rockslimes
  7 draconian knights
  Ilsuiw (Shoals:3)
  7 fire giants
  7 draconian scorchers
  17 frost giants
  A balrug (Depths:4)
  6 emperor scorpions (Spider:4)
  10 azure jellies
  19 vault wardens
  4 deep elf sorcerers
  A demonspawn warmonger (D:15)
  9 ghost moths
  4 iron dragons (Vaults:5)
  Louise (Arena)
  The ghost of Xiestris the Carver, a journeyman DsGl of Makhleb (D:15)
  3 orc warlords
  6 deep elf elementalists (Elf:3)
  An angel (Depths:1)
  9 draconian stormcallers
  22 stone giants
  9 quicksilver oozes
  12 draconian shifters
  3 grey draconians (Zot:1)
  2 broodmothers
  A reaper (D:15)
  8 ironbound thunderhulks
  5 war gargoyles
  4 spriggan defenders
  18 ironbound preservers
  18 green draconians
  8 draconian annihilators
  47 very ugly things
  16 red draconians
  5 vampire knights
  A putrid mouth (Depths:2)
  18 black draconians
  A bunyip (Abyss:2)
  20 yellow draconians
  19 dire elephants
  6 spark wasps
  9 deep elf demonologists
  15 deep elf annihilators
  3 entropy weavers
  The ghost of MacCMillion the Transmogrifier, a journeyman OpTm of Gozag (Lair:3)
  21 white draconians
  The ghost of GeoRichter the Frost Mage, a journeyman OpIE of Gozag (Lair:4)
  A minotaur (Gauntlet)
  25 purple draconians
  6 deep elf death magi
  4 blizzard demons
  4 merfolk javelineers
  8 ettins
  An eidolon (Vaults:3)
  A green death (Zot:1)
  A jiangshi (Abyss:2)
  2 crystal guardians
  12 merfolk impalers
  Josephine (D:12)
  7 deep elf high priests
  5 boulder beetles
  12 great orbs of eyes
  20 yaktaur captains
  2 jorogumos
  3 rakshasas (Depths:3)
  31 vault guards
  13 fire dragons
  11 ironbound frosthearts
  4 centaur warriors
  11 hydras
  A spriggan air mage (Depths:3)
  3 merfolk avatars (Shoals:4)
  4 peacekeepers
  10 ice dragons
  2 catoblepae
  A hell beast (Depths:1)
  A jorogumo (shapeshifter) (Depths:4)
  The ghost of Xushrum the Geomancer, a journeyman GrEE of Vehumet (Lair:2)
  3 merfolk aquamancers
  4 ogre magi
  5 two-headed ogres
  38 dancing weapons
  A death knight (Vaults:3)
  3 radroaches
  6 deep troll shamans
  18 death yaks
  A satyr (shapeshifter) (Vaults:5)
  5 tengu warriors
  4 thrashing horrors
  A death scarab (Spider:2)
  6 vampire magi
  3 orc high priests
  6 spriggan berserkers
  A hell hog (Depths:1)
  5 deep troll earth magi
  10 sun demons
  22 deep elf knights
  14 hell knights
  A soul eater (Depths:2)
  A salamander mystic (Depths:2)
  A fire crab (Vaults:1)
  4 wretched stars
  7 shadow wraiths (Depths:3)
  6 skeletal warriors
  5 iron trolls
  A goliath frog (Lair:5)
  7 pharaoh ants
  A death drake (Vaults:1)
  6 steelbarb worms
  52 deep trolls
  8 orb spiders
  3 shadow demons (Depths:3)
  A flayed ghost (Depths:4)
  26 deep elf archers
  12 sea snakes
  2 glowing orange brains
  An anaconda skeleton (Abyss:2)
  23 ironbound convokers
  Pikel (D:7)
  14 lindwurms
  11 wizards
  A kraken simulacrum (Shoals:4)
  20 orc knights
  5 necromancers
  46 harpies
  3 phantasmal warriors (Vaults:5)
  28 deep elf zephyrmancers
  2 oklob plants (Lair:3)
  2 orc sorcerers
  14 fauns
  A mana viper (Vaults:1)
  12 wolf spiders
  46 ugly things
  6 shining eyes
  37 deep elf pyromancers
  8 cyclopes
  4 salamanders
  A human zombie (Vaults:2)
  A frost giant zombie (Vaults:2)
  13 manticores
  11 merfolk sirens
  33 moths of wrath
  A black mamba (shapeshifter) (D:14)
  18 vault sentinels
  An ice statue (IceCv)
  6 elephants
  2 naga magi (Vaults:1)
  3 eyes of devastation
  6 black mambas
  2 molten gargoyles (Vaults:1)
  A water nymph (Shoals:2)
  A rust devil (Abyss:4)
  A cane toad (shapeshifter) (Elf:2)
  3 smoke demons
  A torpor snail (shapeshifter) (Depths:1)
  An orange demon (D:11)
  7 demonic crawlers
  23 cane toads
  10 rime drakes
  3 torpor snails
  4 unseen horrors
  2 hellions
  An apocalypse crab (Abyss:2)
  A kobold demonologist (D:12)
  5 tengu conjurers
  5 komodo dragons
  49 yaktaurs
  2 ancient zymes
  2 freezing wraiths
  A tormentor (Depths:2)
  An efreet (Abyss:2)
  An ice devil (Gauntlet)
  2 tyrant leeches (Lair:5)
  A hellwing (Abyss:2)
  6 polar bears
  A troll (shapeshifter) (Vaults:5)
  9 meliai
  26 merfolk
  7 trolls
  10 hornets
  A tarantella (shapeshifter) (D:15)
  3 wind drakes
  A blink frog (shapeshifter) (Elf:3)
  18 tarantellas
  19 blink frogs
  100 slime creatures
  A dream sheep (shapeshifter) (Depths:2)
  20 dream sheep
  8 raiju (Abyss:2)
  9 snapping turtles
  12 large abominations
  A jumping spider (shapeshifter) (Vaults:5)
  33 jumping spiders
  A deep troll skeleton (Vaults:2)
  19 culicivoras
  A shapeshifter (D:15)
  14 water elementals
  5 small abominations
  61 yaks
  2 shadows (D:10)
  9 wraiths
  An elf zombie (Vaults:2)
  4 basilisks
  10 spriggans
  3 vampires (D:11)
  A ynoxinul (Zot:4)
  A hog (Vaults:1)
  19 humans (D:13)
  2 wyverns
  3 fire bats (Depths:4)
  8 fire elementals
  A death yak simulacrum (Shoals:4)
  4 alligator snapping turtle simulacra (Shoals:4)
  5 neqoxecs
  2 sea snake simulacra (Shoals:4)
  31 golden eyes
  65 redbacks
  2 steam dragons
  7 chaos spawn
  12 vampire mosquitoes
  9 wargs
  2 harpy simulacra (Shoals:4)
  2 acid dragons
  16 water moccasins
  A floating eye (Depths:2)
  Duvessa (D:6)
  58 orc warriors
  A sky beast (D:6)
  A satyr simulacrum (Shoals:4)
  4 ice beasts
  A black bear (D:5)
  12 centaurs
  3 boggarts (D:11)
  22 wolves
  9 ogres
  A lemure (D:7)
  2 kobold brigands (D:6)
  A gnoll sergeant (D:8)
  4 earth elementals
  2 merfolk simulacra (Shoals:4)
  11 bullfrogs
  4 scorpions
  A wight (D:6)
  Dowan (D:6)
  3 killer bees (D:7)
  4 manticore simulacra (Shoals:4)
  A vampire bat (Vaults:1)
  3 snapping turtle simulacra (Shoals:4)
  2 lava snakes (Vaults:1)
  2 electric eels (Lair:5)
  11 howler monkeys
  18 starcursed masses
  A quasit (Abyss:4)
  4 jellies
  13 orc priests
  A gnoll bouda (D:5)
  4 hounds
  A cyclops simulacrum (Shoals:4)
  An iron imp (Zot:1)
  5 iguanas
  21 orc wizards
  Ijyb (D:3)
  A centaur simulacrum (Shoals:4)
  12 gnolls
  7 adders
  13 white imps
  2 ufetubi
  A worm (D:3)
  6 dart slugs
  101 orcs
  4 ball pythons
  6 bats
  11 endoplasms
  2 giant cockroaches
  13 goblins
  9 hobgoblins
  2 quokkas
  4 frilled lizards
  6 kobolds
  7 rats
  3 starspawn tentacles
  7 tentacles
2724 creatures vanquished.

Vanquished Creatures (others)
  A draconian knight (Zot:1)
  A deep elf knight (Elf:2)
  A deep elf archer (Elf:2)
  A deep elf zephyrmancer (Elf:3)
  2 deep elf pyromancers (Vaults:1)
  A blink frog (Lair:5)
  A golden eye (Abyss:4)
  A bush (Lair:5)
  16 demonic plants (Gauntlet)
  20 fungi
  125 plants
  13 starspawn tentacles
  6 tentacles
  A withered plant (Zot:1)
190 creatures vanquished.

Grand Total: 2914 creatures vanquished

Notes
Turn   | Place    | Note
-------+----------+-------------------------------------------
     0 | D:1      | ChadusMaximus the Minotaur Fighter began the quest for the
                  | Orb.
     0 | D:1      | Reached XP level 1. HP: 19/19 MP: 0/0
    41 | D:1      | Found a faded altar of an unknown god.
   283 | D:1      | Reached XP level 2. HP: 24/27 MP: 1/1
   532 | D:1      | Reached XP level 3. HP: 31/33 MP: 2/2
  1227 | D:2      | Identified the +10 war axe of Foul Odours {speed, Drain
                  | rC++ Int+3}
  1365 | D:2      | Reached XP level 4. HP: 40/40 MP: 3/3
  1964 | D:3      | Found a burning altar of Makhleb.
  1970 | D:3      | Found an ancient bone altar of Kikubaaqudgha.
  1977 | D:3      | Found a sacrificial altar of Ru.
  1977 | D:3      | Found a broken altar of Ashenzari.
  1992 | D:3      | Found a hide-covered altar of Uskayaw.
  2018 | D:3      | Found a glowing silver altar of Zin.
  2148 | D:3      | Reached XP level 5. HP: 47/47 MP: 4/4
  2373 | D:3      | Noticed Ijyb
  2381 | D:3      | Killed Ijyb
  3129 | D:4      | Reached skill level 5 in Shields
  3644 | D:5      | Entered Level 5 of the Dungeon
  3729 | D:5      | Found Ocysiatiku's Book Emporium.
  3736 | D:5      | Reached skill level 5 in Fighting
  3736 | D:5      | Reached skill level 5 in Armour
  3748 | D:5      | Reached XP level 6. HP: 25/56 MP: 5/5
  4090 | D:5      | Reached skill level 5 in Axes
  4195 | D:5      | Found Woatiu's Jewellery Boutique.
  4215 | D:5      | Found a basalt altar of Yredelemnul.
  4219 | D:5      | Reached XP level 7. HP: 61/62 MP: 6/6
  4321 | D:5      | Found Ciuhoc's Antique Weapon Boutique.
  5064 | D:6      | Noticed Dowan
  5067 | D:6      | Noticed Duvessa
  5177 | D:6      | Found a staircase to the Ecumenical Temple.
  5183 | Temple   | Entered the Ecumenical Temple
  5190 | Temple   | Became a worshipper of Warmaster Okawaru
  5551 | D:6      | Reached XP level 8. HP: 63/71 MP: 7/7
  5750 | D:6      | Reached * piety under Okawaru
  6251 | D:6      | Killed Duvessa
  6267 | D:6      | Killed Dowan
  6267 | D:6      | Reached ** piety under Okawaru
  6573 | D:6      | Found a hazy altar of Hepliaklqana.
  6708 | D:7      | Reached XP level 9. HP: 63/81 MP: 5/8
  6863 | D:7      | Noticed Pikel
  6872 | D:7      | Killed Pikel
  6885 | D:7      | Reached *** piety under Okawaru
  7271 | D:7      | Reached skill level 1 in Invocations
  7662 | D:7      | Found Semaupto's Distillery.
  7710 | D:7      | Noticed a two-headed ogre
  7716 | D:7      | Killed a two-headed ogre
  7716 | D:7      | Reached **** piety under Okawaru
  7717 | D:7      | Reached XP level 10. HP: 77/91 MP: 7/11
  9115 | D:9      | Reached skill level 5 in Invocations
  9122 | D:9      | Found a flagged portal.
  9135 | Bailey   | Entered a bailey
  9302 | Bailey   | Noticed an orc knight
  9302 | Bailey   | Noticed an orc knight
  9310 | Bailey   | Killed an orc knight
  9311 | Bailey   | Reached skill level 1 in Throwing
  9523 | Bailey   | Killed an orc knight
  9523 | Bailey   | Reached ***** piety under Okawaru
  9524 | Bailey   | Reached skill level 10 in Fighting
  9524 | Bailey   | Reached skill level 10 in Armour
  9739 | D:9      | Reached skill level 10 in Shields
  9804 | D:9      | Found a shadowy altar of Dithmenos.
  9815 | D:9      | Reached XP level 11. HP: 83/100 MP: 13/13
 10098 | D:9      | Received a gift from Okawaru
 10292 | D:9      | Found a sparkling altar of Nemelex Xobeh.
 10292 | D:9      | Found a transporter.
 10292 | D:9      | Noticed a six-headed hydra
 10341 | D:10     | Entered Level 10 of the Dungeon
 10344 | D:10     | Paralysed by a hornet for 2 turns
 10525 | D:10     | Noticed a two-headed ogre
 10532 | D:10     | Killed a two-headed ogre
 10532 | D:10     | Received a gift from Okawaru
 10533 | D:10     | Reached skill level 10 in Axes
 10927 | D:10     | Reached skill level 5 in Throwing
 11195 | D:11     | Noticed a two-headed ogre
 11203 | D:11     | Killed a two-headed ogre
 11261 | D:11     | Found a staircase to the Lair.
 11320 | D:11     | Noticed a skeletal warrior
 11328 | D:11     | Killed a skeletal warrior
 11608 | D:11     | Noticed a two-headed ogre
 11616 | D:11     | Killed a two-headed ogre
 11616 | D:11     | Received a gift from Okawaru
 11917 | D:11     | Found a staircase to the Orcish Mines.
 12471 | Lair:1   | Entered Level 1 of the Lair of Beasts
 12522 | Lair:1   | Found a frozen archway.
 12547 | Lair:1   | Received a gift from Okawaru
 12573 | IceCv    | Entered an ice cave
 12580 | IceCv    | Reached XP level 12. HP: 110/110 MP: 11/14
 12770 | IceCv    | Noticed a death yak
 12770 | IceCv    | Noticed a death yak
 12778 | IceCv    | Killed a death yak
 12782 | IceCv    | Killed a death yak
 12790 | IceCv    | Reached ****** piety under Okawaru
 13098 | IceCv    | Noticed a death yak
 13106 | IceCv    | Killed a death yak
 13128 | IceCv    | Identified the +1 robe of Okawaru's Scorn {rC++ Will-}
                  | (Okawaru gifted it to you in an ice cave)
 13128 | IceCv    | Received a gift from Okawaru
 13169 | IceCv    | Noticed a death yak
 13181 | IceCv    | Noticed a death yak
 13181 | IceCv    | Killed a death yak
 13190 | IceCv    | Killed a death yak
 13214 | IceCv    | Noticed a death yak
 13214 | IceCv    | Noticed a frost giant
 13233 | IceCv    | Killed a frost giant
 13235 | IceCv    | Killed a death yak
 13644 | IceCv    | Got the Reference Book on Snow
 14966 | Lair:2   | Reached XP level 13. HP: 119/119 MP: 13/16
 15002 | Lair:2   | Found a staircase to the Shoals.
 15020 | Lair:2   | Found a runed translucent gate.
 15021 | Lair:2   | Found a runed translucent gate.
 15021 | Lair:2   | Noticed Xushrum's ghost (journeyman GrEE)
 15022 | Lair:2   | Found a runed translucent gate.
 15087 | Lair:2   | Received a gift from Okawaru
 15111 | Lair:2   | Found a hole to the Spider Nest.
 15381 | Lair:2   | Received a gift from Okawaru
 15645 | Lair:2   | Found the +3 giant club "Skullcrusher" {speed, Str+7}
 15949 | Lair:3   | Identified the +0 hat "Waerabotz" {+Inv Stlth+} (Okawaru
                  | gifted it to you on level 3 of the Lair of Beasts)
 15949 | Lair:3   | Received a gift from Okawaru
 16299 | Lair:3   | Found a blossoming altar of Fedhas.
 16684 | Lair:3   | Found a runed translucent gate.
 16684 | Lair:3   | Found a runed translucent gate.
 16684 | Lair:3   | Found a runed translucent gate.
 16687 | Lair:3   | Noticed MacCMillion's ghost (journeyman OpTm)
 17277 | Lair:3   | Found a viscous altar of Jiyva.
 17277 | Lair:3   | Found the +5 scythe "Finisher" {speed, eviscerate}
 17599 | Lair:4   | Received a gift from Okawaru
 17657 | Lair:4   | Found a transporter.
 17995 | Lair:4   | Found a transporter.
 18002 | Lair:4   | Noticed GeoRichter's ghost (journeyman OpIE)
 18225 | Lair:5   | Entered Level 5 of the Lair of Beasts
 18242 | Lair:5   | Reached XP level 14. HP: 130/130 MP: 17/19
 18291 | Lair:5   | Found a viscous altar of Jiyva.
 18291 | Lair:5   | Found a staircase to the Slime Pits.
 18862 | Lair:5   | Received a gift from Okawaru
 18970 | Lair:5   | Identified the +3 quarterstaff of Resumed Hostilities
                  | {vorpal, +Blink rPois rCorr SInv} (Okawaru gifted it to you
                  | on level 5 of the Lair of Beasts)
 18970 | Lair:5   | Received a gift from Okawaru
 20117 | Lair:4   | Killed GeoRichter's ghost
 20231 | Lair:3   | Killed MacCMillion's ghost
 20390 | Lair:2   | Received a gift from Okawaru
 20414 | Lair:2   | Killed Xushrum's ghost
 20879 | D:12     | Found a gate leading to a gauntlet.
 20889 | Gauntlet | Entered a Gauntlet
 20889 | Gauntlet | Found a transporter.
 20889 | Gauntlet | Found a transporter.
 20893 | Gauntlet | Found a transporter.
 20893 | Gauntlet | Found a transporter.
 20895 | Gauntlet | Found a large runed translucent door.
 20896 | Gauntlet | Found a large runed translucent door.
 20897 | Gauntlet | Found a large runed translucent door.
 20897 | Gauntlet | Found a large runed translucent door.
 20897 | Gauntlet | Found a runed translucent door.
 20897 | Gauntlet | Found a runed translucent door.
 20898 | Gauntlet | Found a large runed translucent door.
 20898 | Gauntlet | Found a large runed translucent door.
 20898 | Gauntlet | Found a large runed translucent door.
 20898 | Gauntlet | Found a large runed translucent door.
 20899 | Gauntlet | Found a large runed translucent door.
 20900 | Gauntlet | Found a transporter.
 20900 | Gauntlet | Found a large runed translucent door.
 20913 | Gauntlet | Found a large runed translucent door.
 20913 | Gauntlet | Found a large runed translucent door.
 20914 | Gauntlet | Found a large runed translucent door.
 20914 | Gauntlet | Found a large runed translucent door.
 20914 | Gauntlet | Found a large runed translucent door.
 20914 | Gauntlet | Found a large runed translucent door.
 20917 | Gauntlet | Found a runed translucent gate.
 20917 | Gauntlet | Found a runed translucent gate.
 20917 | Gauntlet | Found a runed translucent gate.
 20919 | Gauntlet | Found a transporter.
 20927 | Gauntlet | Found a transporter.
 20929 | Gauntlet | Found a transporter.
 20929 | Gauntlet | Found a transporter.
 20933 | Gauntlet | Found a transporter.
 20967 | Gauntlet | Found a transporter.
 21009 | Gauntlet | Found a transporter.
 21024 | Gauntlet | Found a transporter.
 21039 | Gauntlet | Found a transporter.
 21140 | Gauntlet | Found a transporter.
 21156 | Gauntlet | Found a transporter.
 22029 | D:12     | Noticed Josephine
 22036 | D:12     | Killed Josephine
 22037 | D:12     | Reached XP level 15. HP: 128/139 MP: 21/21
 22949 | D:13     | Found a white marble altar of Elyvilon.
 23497 | D:13     | Reached skill level 10 in Throwing
 23504 | D:13     | Reached skill level 15 in Armour
 23511 | D:13     | Reached skill level 15 in Fighting
 23511 | D:13     | Reached skill level 15 in Shields
 23845 | D:13     | Found a gate to the Vaults.
 23877 | D:13     | Noticed Rupert
 23891 | D:13     | Killed Rupert
 23891 | D:13     | Received a gift from Okawaru
 24121 | D:13     | Reached skill level 15 in Axes
 24531 | D:13     | Found a portal to a secret trove of treasure.
 25207 | D:14     | Identified the +1 crystal plate armour of the Pure Emperors
                  | {+Blink Will+} (Okawaru gifted it to you on level 14 of the
                  | Dungeon)
 25207 | D:14     | Received a gift from Okawaru
 26164 | D:14     | Found Roirav's Distillery.
 26166 | D:14     | Found Ydukeip's General Store.
 26167 | D:14     | Found Dopty's Distillery.
 26644 | D:15     | Entered Level 15 of the Dungeon
 27165 | D:15     | Found a runed translucent gate.
 27166 | D:15     | Found a runed translucent gate.
 27167 | D:15     | Found an opulent altar of Gozag.
 27167 | D:15     | Found a runed translucent gate.
 27171 | D:15     | Found Unu Yqoc's Assorted Antiques.
 27171 | D:15     | Noticed Xiestris's ghost (journeyman DsGl)
 27171 | D:15     | Noticed a tengu reaver
 27205 | D:15     | Found a staircase to the Depths.
 28001 | Orc:1    | Entered Level 1 of the Orcish Mines
 28034 | Orc:1    | Found Firr's Armour Boutique.
 28053 | Orc:1    | Found Diedwetu's Antique Armour Shop.
 28079 | Orc:1    | Reached XP level 16. HP: 150/150 MP: 20/22
 28380 | Orc:2    | Entered Level 2 of the Orcish Mines
 28416 | Orc:2    | Found Miuvol's Antique Armour Emporium.
 28453 | Orc:2    | Found Ruwk's Antique Weapon Shop.
 28631 | Orc:2    | Found a staircase to the Elven Halls.
 28782 | Orc:2    | Received a gift from Okawaru
 28782 | Orc:2    | Found the +3 pair of gauntlets of War {Slay+5}
 28787 | Orc:2    | Found Famigyn's Jewellery Shop.
 28845 | Orc:2    | Found Oxaacug's General Store.
 29743 | Spider:1 | Entered Level 1 of the Spider Nest
 32806 | Spider:3 | Identified the +8 executioner's axe of the Harvest {flame,
                  | Str+4 Dex+2} (Okawaru gifted it to you on level 3 of the
                  | Spider Nest)
 32806 | Spider:3 | Received a gift from Okawaru
 32976 | Spider:3 | Noticed Mara
 32978 | Spider:3 | Noticed ChadusMaximus's illusion
 33350 | Spider:3 | Identified the +2 pair of gloves "Erog" {Str+4}
 33462 | Spider:3 | Noticed ChadusMaximus's illusion
 33472 | Spider:3 | Killed Mara
 33604 | Spider:4 | Entered Level 4 of the Spider Nest
 33616 | Spider:4 | Identified the +1 pair of boots of the Sea {rF+ Dex+3}
                  | (Okawaru gifted it to you on level 4 of the Spider Nest)
 33616 | Spider:4 | Received a gift from Okawaru
 33636 | Spider:4 | Reached XP level 17. HP: 161/161 MP: 2/23
 34296 | Spider:4 | Identified the amulet of the Little Devil {Reflect +Inv rF+
                  | rN+ SH+5}
 34773 | Spider:4 | Received a gift from Okawaru
 35344 | Spider:4 | Got a gossamer rune of Zot
 35571 | Shoals:1 | Entered Level 1 of the Shoals
 35597 | Shoals:1 | Noticed Donald
 35608 | Arena    | Entered the Arena
 35617 | Arena    | Killed Donald
 36133 | Shoals:1 | Received a gift from Okawaru
 36452 | Shoals:1 | Noticed Mlioglotl
 36456 | Shoals:1 | Killed Mlioglotl
 37121 | D:15     | Killed Xiestris's ghost
 37468 | Shoals:2 | Noticed Polyphemus
 37480 | Arena    | Entered the Arena
 37486 | Arena    | Killed Polyphemus
 37486 | Arena    | Received a gift from Okawaru
 37689 | Shoals:2 | Received a gift from Okawaru
 37693 | Shoals:2 | Reached XP level 18. HP: 163/172 MP: 21/24
 37879 | Shoals:2 | Received a gift from Okawaru
 37960 | Shoals:2 | Received a gift from Okawaru
 38241 | Shoals:3 | Noticed Ilsuiw
 38261 | Shoals:3 | Killed Ilsuiw
 38263 | Shoals:3 | Received a gift from Okawaru
 38387 | Shoals:3 | Noticed Louise
 38405 | Arena    | Entered the Arena
 38412 | Arena    | Killed Louise
 38920 | Shoals:3 | Received a gift from Okawaru
 39065 | Shoals:3 | Reached skill level 15 in Throwing
 39557 | Shoals:4 | Entered Level 4 of the Shoals
 39587 | Shoals:4 | Found a runed translucent gate.
 39588 | Shoals:4 | Found a runed translucent gate.
 39589 | Shoals:4 | Found a runed translucent gate.
 39603 | Shoals:4 | Identified the +8 broad axe of Dogma {distort, rF+ Dex+2}
                  | (Okawaru gifted it to you on level 4 of the Shoals)
 39603 | Shoals:4 | Received a gift from Okawaru
 39828 | Shoals:4 | Reached skill level 10 in Invocations
 39851 | Shoals:4 | Got a barnacled rune of Zot
 40212 | Shoals:4 | Identified the +0 kite shield of the Moon {rC++ Dex-3 SInv
                  | Stlth+} (Okawaru gifted it to you on level 4 of the Shoals)
 40212 | Shoals:4 | Received a gift from Okawaru
 40288 | Shoals:4 | Identified the +4 ring mail of Insurance {-Cast Dex+7
                  | Stlth+}
 40509 | Shoals:4 | Identified the +10 falchion of Eternal Night {antimagic,
                  | Contam rC+ Str+5}
 40722 | Shoals:4 | Identified the +4 plate armour of Supha {rElec rN+ Str+3
                  | Dex+2}
 40723 | Shoals:4 | Identified the +5 arbalest of the Slime-mould {penet, Drain
                  | rF+ rC+}
 41016 | Vaults:1 | Entered Level 1 of the Vaults
 41308 | Vaults:1 | Noticed Saint Roka
 41323 | Vaults:1 | Killed Saint Roka
 41771 | Vaults:1 | Reached XP level 19. HP: 162/182 MP: 26/26
 42324 | Vaults:1 | Received a gift from Okawaru
 42646 | Vaults:1 | Got Rezuj's Tome of the Black Widow
 43311 | Abyss:2  | Cast into level 2 of the Abyss (a wizard)
 43377 | Abyss:2  | Found a corrupted altar of Lugonu.
 43522 | Abyss:2  | Gained mutation: You are dopey. (Int -2) [a neqoxec]
 43529 | Abyss:2  | Received a gift from Okawaru
 43605 | Arena    | Entered the Arena
 43740 | Abyss:2  | Gained mutation: Your body sometimes deteriorates upon
                  | taking damage. [a neqoxec]
 43830 | Abyss:2  | Received a gift from Okawaru
 43947 | Vaults:1 | Escaped the Abyss
 44034 | Vaults:1 | Got the Compendium of Flames
 44194 | Vaults:1 | Found the +3 hat of Pondering {ponderous, Will+ MP+10
                  | Int+5}
 44206 | Vaults:1 | Found a radiant altar of Vehumet.
 44206 | Vaults:1 | Found the +3 robe of Clouds {*Thunder rCloud rElec}
 44213 | Vaults:1 | Identified the +4 kite shield of the Quahog {Slay+3}
                  | (Okawaru gifted it to you on level 1 of the Vaults)
 44213 | Vaults:1 | Received a gift from Okawaru
 44243 | Vaults:1 | Identified the +2 hat of the Valley {+Blink rPois Dex+4}
 44272 | Vaults:1 | Identified the +2 robe of Beogh's Benevolence {+Blink}
 44337 | Vaults:1 | Found Dyiv's Jewellery Boutique.
 45131 | Vaults:1 | Got the Quarto of Evolution
 45323 | Vaults:2 | Noticed Mennas
 45353 | Vaults:2 | Killed Mennas
 45866 | Vaults:2 | Identified the +5 arbalest "Ezxappie" {venom, *Slow Int+4
                  | Dex+6}
 45870 | Vaults:2 | Identified the +2 arbalest of Cowardice {penet, Int+9}
 46048 | Vaults:2 | Reached XP level 20. HP: 193/193 MP: 28/28
 46986 | Vaults:3 | Found Ceoxet's Antique Armour Emporium.
 46999 | Vaults:3 | Noticed Boris
 47006 | Vaults:3 | Killed Boris
 47268 | Vaults:3 | Identified the +11 quick blade of Uxuni {venom, rElec rF-
                  | Str+7 SInv} (Okawaru gifted it to you on level 3 of the
                  | Vaults)
 47268 | Vaults:3 | Received a gift from Okawaru
 47278 | Vaults:3 | Noticed Frederick
 47291 | Vaults:3 | Killed Frederick
 47419 | Vaults:3 | Found a staircase to the Crypt.
 47420 | Vaults:3 | You fall into a shaft and drop 1 floor!
 48017 | Vaults:3 | Received a gift from Okawaru
 48416 | Vaults:3 | Received a gift from Okawaru
 48618 | Vaults:3 | Received a gift from Okawaru
 49323 | Vaults:3 | Identified the +10 demon whip of the Swamp {pain, rElec
                  | rN+}
 49327 | Vaults:3 | Got the Cyclopedia of Transformation and Accomplices
 49462 | Vaults:4 | Reached XP level 21. HP: 181/203 MP: 26/29
 49689 | Vaults:4 | Received a gift from Okawaru
 49701 | Vaults:4 | Received a gift from Okawaru
 50023 | Vaults:4 | Received a gift from Okawaru
 50356 | Vaults:4 | Received a gift from Okawaru
 50856 | Depths:1 | Entered Level 1 of the Depths
 50951 | Depths:1 | Identified the +1 pair of gloves "Rynicuc" {Stlth+}
                  | (Okawaru gifted it to you on level 1 of the Depths)
 50951 | Depths:1 | Received a gift from Okawaru
 51004 | Depths:1 | Noticed a juggernaut
 51011 | Depths:1 | Killed a juggernaut
 51310 | Depths:1 | Found a gateway to Hell.
 51380 | Depths:1 | Noticed Boris
 51788 | Depths:1 | Killed Boris
 51838 | Depths:1 | Found Nihagey's Distillery.
 52066 | Depths:1 | Found a one-way gate leading to the halls of Pandemonium.
 52540 | Depths:1 | Lost mutation: Your body sometimes deteriorates upon taking
                  | damage. [potion of mutation]
 52540 | Depths:1 | Lost mutation: You are dopey. (Int -2) [potion of mutation]
 52540 | Depths:1 | Gained mutation: You expend magic power (3 MP) to
                  | strengthen your wands. [potion of mutation]
 52540 | Depths:1 | Gained mutation: You are partially covered in iridescent
                  | scales. (AC +2) [potion of mutation]
 52541 | Depths:1 | Lost mutation: You are partially covered in iridescent
                  | scales. (AC +2) [potion of mutation]
 52541 | Depths:1 | Lost mutation: You expend magic power (3 MP) to strengthen
                  | your wands. [potion of mutation]
 52541 | Depths:1 | Gained mutation: You occasionally lose the ability to read
                  | scrolls when taking damage. [potion of mutation]
 52541 | Depths:1 | Gained mutation: A frigid envelope surrounds you and
                  | freezes all who hurt you. [potion of mutation]
 52541 | Depths:1 | Gained mutation: You are robust. (+10% HP) [potion of
                  | mutation]
 52542 | Depths:1 | Lost mutation: You are robust. (+10% HP) [potion of
                  | mutation]
 52542 | Depths:1 | Lost mutation: A frigid envelope surrounds you and freezes
                  | all who hurt you. [potion of mutation]
 52542 | Depths:1 | Gained mutation: You have large cloven feet. [potion of
                  | mutation]
 52542 | Depths:1 | Gained mutation: You have supernaturally acute eyesight.
                  | (SInv) [potion of mutation]
 52543 | Depths:1 | Lost mutation: You have supernaturally acute eyesight.
                  | (SInv) [potion of mutation]
 52543 | Depths:1 | Lost mutation: You occasionally lose the ability to read
                  | scrolls when taking damage. [potion of mutation]
 52543 | Depths:1 | Lost mutation: You have large cloven feet. [potion of
                  | mutation]
 52543 | Depths:1 | Gained mutation: Your muscles are strong. (Str +4, Int/Dex
                  | -1) [potion of mutation]
 52543 | Depths:1 | Gained mutation: Your flesh is cold resistant. (rC+)
                  | [potion of mutation]
 52669 | Depths:2 | Found a one-way gateway to a ziggurat.
 52723 | Depths:2 | Found a flickering gateway to a bazaar.
 52730 | Bazaar   | Entered a bazaar
 52730 | Bazaar   | Found Gufumnec's Weapon Boutique.
 52730 | Bazaar   | Found Duriest's Weapon Shop.
 52730 | Bazaar   | Found Erat's Antique Armour Shop.
 52740 | Bazaar   | Bought a +0 demon trident for 180 gold pieces
 52953 | Depths:2 | Noticed Boris
 52958 | Depths:2 | Killed Boris
 52958 | Depths:2 | Received a gift from Okawaru
 53656 | Depths:2 | Noticed Grunn
 53666 | Depths:2 | Killed Grunn
 53667 | Depths:2 | Reached XP level 22. HP: 208/215 MP: 30/30
 53695 | Depths:2 | Received a gift from Okawaru
 54304 | Depths:2 | Found a stormy altar of Qazlal.
 55126 | Depths:3 | Found a one-way gate to the infinite horrors of the Abyss.
 55236 | Depths:3 | Identified the +0 scale mail "Diannef" {Will+} (Okawaru
                  | gifted it to you on level 3 of the Depths)
 55236 | Depths:3 | Received a gift from Okawaru
 55645 | Depths:3 | Found the +2 hood of the Assassin {Detection Stab+ Stlth++}
 55648 | Depths:3 | Found the +2 cloak of the Thief {*Fog Slay-2 SInv Stlth+}
 55661 | Depths:3 | Found a shadowy altar of Dithmenos.
 56358 | Depths:4 | Entered Level 4 of the Depths
 56504 | Depths:4 | Found a broken altar of Ashenzari.
 56749 | Depths:4 | Found a gate to the Realm of Zot.
 56970 | Depths:4 | Noticed Vv
 56991 | Depths:4 | Killed Vv
 56991 | Depths:4 | Received a gift from Okawaru
 56992 | Depths:4 | Reached XP level 23. HP: 167/226 MP: 24/31
 57413 | Depths:4 | Noticed a caustic shrike
 57413 | Depths:4 | Noticed a caustic shrike
 57414 | Depths:4 | Noticed a caustic shrike
 57416 | Depths:4 | Noticed a caustic shrike
 57421 | Depths:4 | Killed a caustic shrike
 57429 | Depths:4 | Killed a caustic shrike
 57430 | Depths:4 | Killed a caustic shrike
 57431 | Depths:4 | Killed a caustic shrike
 57431 | Depths:4 | Received a gift from Okawaru
 58149 | Vaults:5 | Entered Level 5 of the Vaults
 58210 | Vaults:4 | Received a gift from Okawaru
 58548 | Vaults:4 | Received a gift from Okawaru
 59007 | Vaults:5 | Found the +3 pair of seven-league boots {Rampage+∞}
 59259 | Vaults:5 | Identified the +0 demon trident of Ewo Zehiness {flame,
                  | rElec rF- Dex+2}
 59349 | Vaults:5 | Identified the +3 shortbow of Compound Interest {flame, rC+
                  | Will+ Int-5}
 59363 | Vaults:5 | Got Vyiclaor's Handbook of the Blizzard
 59381 | Vaults:5 | Noticed Margery
 59387 | Arena    | Entered the Arena
 59396 | Arena    | Killed Margery
 59414 | Vaults:5 | Identified the +11 long sword of Resourcefulness {vorpal,
                  | +Blink Int+2 Dex-5}
 59455 | Vaults:5 | Received a gift from Okawaru
 59501 | Vaults:5 | Identified the +1 pair of gloves of the Enchanting Gods
                  | {Rampage +Blink rF+ Dex+4} (Okawaru gifted it to you on
                  | level 5 of the Vaults)
 59501 | Vaults:5 | Received a gift from Okawaru
 59581 | Vaults:5 | Identified the +5 flail of Megalomania {protect, Fragile
                  | Int+4 Stlth+}
 59663 | Vaults:5 | Reached XP level 24. HP: 238/238 MP: 31/31
 60226 | Vaults:5 | Got the Compilation of Fulgurant Flames
 60242 | Vaults:5 | Identified the +3 arbalest "Imp's Doom" {venom, Str+3}
 60879 | Vaults:5 | Got a silver rune of Zot
 61833 | D:13     | You paid a toll of a +8 demon trident to enter a treasure
                  | trove
 61834 | Trove    | Entered a treasure trove
 61876 | Trove    | Got Mekhip's Tractate on Grounded Reformation
 63001 | Slime:1  | Entered Level 1 of the Pits of Slime
 63654 | Slime:2  | Gained mutation: You are frail. (-10% HP) [a shining eye]
 63659 | Slime:2  | Gained mutation: Your magical capacity is low. (-10% MP) [a
                  | shining eye]
 63663 | Slime:2  | Lost mutation: Your muscles are strong. (Str +4, Int/Dex
                  | -1) [a shining eye]
 63897 | Slime:1  | Gained mutation: Your spells are a little easier to cast,
                  | but a little less powerful. [a shining eye]
 64780 | Slime:4  | Noticed Dissolution
 64789 | Slime:4  | Killed Dissolution
 65485 | Slime:5  | Entered Level 5 of the Pits of Slime
 65521 | Slime:5  | Received a gift from Okawaru
 65664 | Slime:5  | Found a viscous altar of Jiyva.
 65668 | Slime:5  | Noticed the Royal Jelly
 65697 | Slime:5  | Killed the Royal Jelly
 66248 | Slime:5  | Found the +10 morningstar "Eos" {elec, Halo rElec}
 66279 | Slime:5  | Identified the +2 pair of boots of Duty {rN+ rCorr Str+7}
 66410 | Slime:5  | Identified the +4 dagger "Vahah" {flame, Str+5}
 66412 | Slime:5  | Identified the +9 whip of Ceroleuwn {vorpal, rF+ MP+9 Int-5
                  | Dex+6}
 66433 | Slime:5  | Got a slimy rune of Zot
 67361 | Elf:1    | Entered Level 1 of the Elven Halls
 67500 | Elf:1    | Received a gift from Okawaru
 67751 | Elf:1    | Received a gift from Okawaru
 68260 | Elf:2    | Found Qex Ginoihe's Armour Boutique.
 68311 | Elf:2    | Identified the +1 pair of gloves "Naijitz" {rCorr Slay+5
                  | SInv} (Okawaru gifted it to you on level 2 of the Elven
                  | Halls)
 68311 | Elf:2    | Received a gift from Okawaru
 68891 | Elf:2    | Reached XP level 25. HP: 204/225 MP: 27/28
 68891 | Elf:2    | Found a runed translucent gate.
 68891 | Elf:2    | Found a runed translucent gate.
 68891 | Elf:2    | Found a runed translucent gate.
 68891 | Elf:2    | Found a runed translucent gate.
 68891 | Elf:2    | Found a runed translucent gate.
 68911 | Elf:2    | Found a runed translucent gate.
 69616 | Elf:2    | Reached skill level 1 in Poison Magic
 69735 | Elf:2    | Reached skill level 1 in Dodging
 69809 | Elf:2    | Found a huge runed translucent gate.
 69809 | Elf:2    | Found a huge runed translucent gate.
 69819 | Elf:2    | Found a huge runed translucent gate.
 69964 | Elf:2    | Found a huge runed translucent gate.
 69964 | Elf:2    | Found a huge runed translucent gate.
 70152 | Elf:2    | Reached skill level 5 in Dodging
 70462 | Elf:3    | Entered Level 3 of the Elven Halls
 70726 | Elf:3    | Identified the +9 battleaxe of Responsibility {vorpal,
                  | rElec rF+++ rCorr Int-2}
 70726 | Elf:3    | Identified the ring "Dusso" {AC+4 Int+2}
 70743 | Elf:3    | Received a gift from Okawaru
 70770 | Elf:3    | Received a gift from Okawaru
 70785 | Elf:3    | Reached skill level 10 in Dodging
 70885 | Elf:3    | Identified the +3 great sword of the Volcano {venom, rPois
                  | rN+}
 71062 | Elf:3    | Identified the +5 war axe of Seovuch {vorpal, rPois rC++}
 71112 | Elf:3    | Identified the +1 scale mail of the World {Str+7 Dex+3}
 71140 | Elf:3    | Identified the +7 gold dragon scales "Ceomaiss" {*Slow
                  | rPois rF+ rC+ Dex+3 Stlth+}
 71259 | Elf:3    | Found Apowosch's Assorted Antiques.
 71261 | Elf:3    | Found Lagufobb's Jewellery Emporium.
 71261 | Elf:3    | Found Ahij's Magic Scroll Shoppe.
 71281 | Elf:3    | Found Vapnoelu's General Store.
 71363 | Elf:3    | Found Kuliz's Magic Scroll Shop.
 71701 | Elf:3    | Identified the +4 chain mail of Lugonu's Pride {SInv
                  | Stlth+}
 71718 | Elf:3    | Identified the +11 battleaxe of the Loving Hero {venom,
                  | SInv}
 71731 | Elf:3    | Got the Writings on Orientation
 71736 | Elf:3    | Identified the +2 pair of gloves "Acsutaot" {Int+6}
 71762 | Elf:3    | Got Sif Muna's Octavo of Energetic Forms
 72531 | Depths:3 | Voluntarily entered the Abyss.
 72532 | Abyss:3  | Found a corrupted altar of Lugonu.
 72574 | Abyss:4  | Received a gift from Okawaru
 72621 | Abyss:4  | Paralysed by accursed screaming for 2 turns
 72648 | Abyss:4  | Got an abyssal rune of Zot
 72668 | Abyss:4  | Found a corrupted altar of Lugonu.
 72705 | Depths:3 | Escaped the Abyss
 72960 | Zot:1    | Entered Level 1 of the Realm of Zot
 73505 | Zot:1    | Received a gift from Okawaru
 73516 | Zot:1    | Reached XP level 26. HP: 218/233 MP: 27/28
 73638 | Zot:1    | Reached skill level 15 in Dodging
 73648 | Zot:1    | Identified the +1 ring mail "Pouklo" {rN+++ Will+ Slay-2
                  | SInv} (Okawaru gifted it to you on level 1 of the Realm of
                  | Zot)
 73648 | Zot:1    | Received a gift from Okawaru
 74228 | Zot:1    | Found a runed translucent door.
 74228 | Zot:1    | Noticed Veunluaf's ghost (veteran MiFi)
 74405 | Zot:1    | Killed Veunluaf's ghost
 75119 | Zot:1    | Noticed an ancient lich
 75125 | Zot:1    | Killed an ancient lich
 76227 | Zot:2    | Noticed a dread lich
 76241 | Zot:2    | Killed a dread lich
 76252 | Zot:2    | Received a gift from Okawaru
 76616 | Zot:2    | Received a gift from Okawaru
 77476 | Zot:3    | Reached XP level 27. HP: 127/240 MP: 22/28
 78804 | Zot:3    | Received a gift from Okawaru
 79561 | Zot:4    | Received a gift from Okawaru
 79897 | Zot:5    | Entered Level 5 of the Realm of Zot
 80873 | Zot:5    | Noticed an orb of fire
 80878 | Zot:5    | Killed an orb of fire
 81583 | Zot:5    | Received a gift from Okawaru
 81837 | Zot:5    | Noticed an ancient lich
 81838 | Zot:5    | Noticed an ancient lich
 81841 | Zot:5    | Killed an ancient lich
 81844 | Zot:5    | Killed an ancient lich
 81844 | Zot:5    | Received a gift from Okawaru
 81877 | Zot:5    | Noticed an orb of fire
 81883 | Zot:5    | Noticed an orb of fire
 81883 | Zot:5    | Gained mutation: Armour fits poorly on your strangely
                  | shaped body. [an orb of fire]
 81892 | Zot:5    | Killed an orb of fire
 81899 | Zot:5    | Killed an orb of fire
 81914 | Zot:5    | Noticed an ancient lich
 81923 | Zot:5    | Killed an ancient lich
 81975 | Zot:5    | Identified the +11 executioner's axe "Gatann" {elec, Dex+2}
                  | (Okawaru gifted it to you on level 5 of the Realm of Zot)
 81975 | Zot:5    | Received a gift from Okawaru
 82910 | Zot:5    | Got the Orb of Zot
 83089 | Zot:2    | Noticed Zixeh the pandemonium lord
 83191 | Depths:4 | Noticed Joehuedd the pandemonium lord
 83381 | D:15     | Noticed Hooruc the pandemonium lord
 83389 | D:15     | Gained mutation: You are very frail. (-20% HP) [a neqoxec]
 83751 | D:$      | Escaped with the Orb!

Illustrated notes

Levels and vault maps discovered:
D:1:      ncdulo_wetmaze, layout_basic, hellmonk_ecumenical_altar_run_dry
D:2:      minmay_spotlight, layout_rooms, chequers_serial_rivers_room_a,
          hangedman_abyss_or_decor_lesser_grid
D:3:      layout_loops_ring, zin_scriptorium,
          nicolae_overflow_hallway_of_the_gods, uniq_ijyb
D:4:      layout_basic, skrybe_limestone_x, corexii_checkpoint_a
D:5:      layout_layer_cave, mainiacjoe_overflow_paths, serial_shops,
          nicolae_shop_waterfront, shop, nicolae_shop_crystal,
          corexii_checkpoint_a
D:6:      layout_gridville, nzn_hepliaklqana_mist_gate,
          minmay_temple_entry_statues_pillars, minmay_quadrilaterals,
          uniq_duvessa
D:7:      layout_loops_ring, serial_shops, nicolae_shop_stone, uniq_pikel
D:8:      layout_basic, grunt_ministairs_6, hangedman_decor_slide_cut
D:9:      layout_roguey, grunt_nemelex_the_gamble, mainiacjoe_overflow_alcove_4,
          enter_bailey_5, kennysheep_boxes
D:10:     layout_roguey
D:11:     layout_long_grid, lair_entry_dummy, david_orc_1_choice,
          lightli_fourway_metalbox
D:12:     layout_stronghold, gauntlet_entry_generic, uniq_josephine
D:13:     layout_stronghold, grunt_vaults_entry_tiered, enter_trove_5,
          elyvilon_altar_5, uniq_rupert
D:14:     layout_stronghold, nicolae_wooded_promenade
D:15:     grunt_enter_depths_hoard, layout_long_grid, ebering_ghost_gozag,
          minmay_misc_feat_enclosed
Temple:   nicolae_temple_bog_church
Lair:1:   layout_cave_pods, portal_ice_cave_entry_imps, grunt_megastairs_4
Lair:2:   layout_regular_city, elwin_shoals_entry_rocks, spider_nest_entry_webs,
          gammafunk_ghost_split, grunt_megastairs_2
Lair:3:   layout_regular_city, gammafunk_ghost_ooze, hangedman_tree_tricks,
          wad_woods_01, infiniplex_staircase_pool
Lair:4:   layout_roguey, gammafunk_ghost_berserking_beasts
Lair:5:   minmay_lair_end_frog_pond, layout_misc_corridors,
          nicolae_slime_entry_slimehenge
Shoals:1: layout_shoals, uniq_mlioglotl, uniq_donald
Shoals:2: layout_shoals, uniq_polyphemus
Shoals:3: layout_shoals, uniq_ilsuiw, uniq_louise, uniq_bai_suzhen
Shoals:4: shoals_end_hangedman, layout_shoals, nicolae_shoals_beach_cooler
Spider:1: layout_chambers
Spider:2: layout_chambers
Spider:3: layout_spider_delve, hangedman_spider_tarantella_strand, uniq_mara
Spider:4: grunt_spider_rune_circles
Slime:1:  layout_caves
Slime:2:  layout_caves
Slime:3:  layout_caves
Slime:4:  layout_caves, dissolution_awaits
Slime:5
Orc:1:    layout_caves, serial_shops, shop, nicolae_shop_hallway_stairs
Orc:2:    grunt_orc_gardens, layout_caves, grunt_orc_garden, grunt_orc_garden,
          grunt_orc_garden, grunt_orc_garden
Elf:1:    layout_geoelf_diagonals, hangedman_corner_corridor
Elf:2:    elven_hall_of_blades_hangedman_alternative
          [nicolae_blade_entry_pointy_end], layout_loops_corners, serial_shops,
          shop, drop_trap, minivault_11, orc_legates
Elf:3:    minmay_elf_hall_quartered_circle, layout_geoelf_octagon, serial_shops,
          nicolae_lakefront_shop, minivault_5, minmay_shoptagon
Vaults:1: nicolae_vaults_inception_scallops, ontoclasm_vaults_decontamination,
          v_misc_5, grunt_tower_of_power, nicolae_vaults_little_squares_3,
          nicolae_vaults_twisting_passages, hangedman_vaults_trim,
          grunt_vaults_funnel, grunt_vaults_twisty, hangedman_vaults_nails,
          nicolae_vaults_little_ls, layout_vaults_omnigrid, serial_shops, shop,
          serial_hangedman_research, hangedman_research_metamorphosis,
          hangedman_research_toxicology, hangedman_research_pyrotechnics,
          uniq_saint_roka
Vaults:2: ontoclasm_vaults_gateway, vaults_room_octagon, ontoclasm_vaults_tryst,
          vaults_mumra_chevron_long, v_misc_22, hangedman_vaults_capsules,
          nicolae_vaults_little_squares_5, v_misc_18,
          vaults_standard_mumra_enter_the_diamond,
          nicolae_vaults_yaktaur_gun_rack, vaults_dpeg_emergency_exit,
          hangedman_vaults_stagger, vaults_room_corners, grunt_vaults_diagonal,
          special_room_vaults [special_room_orc],
          nicolae_vaults_ring_of_whatevers, layout_vaults_omnicross, uniq_mennas
Vaults:3: hangedman_vaults_variations, hangedman_vaults_nodes,
          ontoclasm_vaults_bender, v_pattern_1,
          minmay_crypt_entry_simple_sparse, grunt_vaults_swirl,
          vaults_room_hangedman_quadrants, v_alt_pattern_1, v_rooms_2,
          vaults_standard_mumra_lines, nicolae_vaults_asterisk,
          vaults_room_stairs_pillars, ontoclasm_vaults_twist, v_misc_23,
          grunt_vaults_hallway_short, layout_vaults_ring, serial_shops, shop,
          uniq_boris, uniq_frederick
Vaults:4: vaults_room_grid, dpeg_vaults_monster_box, st_more_cells,
          vaults_room_stairs_pillars, hangedman_vaults_locks,
          vaults_mumra_minichess, v_misc_11, v_misc_16, v_alt_pattern_4,
          vaults_room_stairs_pillars, hangedman_vaults_unwind, v_alt_pattern_6,
          layout_vaults_omnibox
Vaults:5: uniq_margery
Depths:1: layout_basic, nicolae_hell_entry_hellmouth_sunbeams,
          minmay_misc_feat_cross, serial_shops, nicolae_shop_advertising_works
          [nicolae_subvault_shop_adworks], pan_entry, roderic_lattice_a,
          minmay_hollow_rounded_squares
Depths:2: regret_index_qazlal_generations, layout_gridlike, enter_ziggurat_f,
          hangedman_tar_grid_catacomb, pan_entry, serial_shops, bzr_in_the_mist,
          serial_curves, eino_curves_01, eino_curves_03, eino_curves_04,
          minmay_staircase_windowed_large, firewood_loft, uniq_josephina,
          uniq_grunn
Depths:3: regret_index_dithmenos_brocken_genspenst, layout_gridlike,
          serial_sigils_hangedman_scratch, pf_hell_entry_great_geh,
          minmay_room_of_horrors, infiniplex_staircase_pool_2
Depths:4: grunt_zot_entry_tricorne, layout_basic, hell_entry,
          nicolae_kite_square_tiling_tiny, ashenzari_altar_1, uniq_vv
Zot:1:    ebering_greatest_show_in_zot, layout_cathedral_of_symmetry,
          gammafunk_ghost_grave, hangedman_zot_spectrum
Zot:2:    grunt_deathspiral_small, layout_onion_interference
Zot:3:    lemuel_draconian_sentries_small, layout_misc_corridors,
          grunt_ministairs_1, nicolae_diode_basic
Zot:4:    layout_cathedral_of_symmetry
Zot:5:    layout_gridlike

Skill      XL: |  1  2  3  4  5  6  7  8  9 10 11 12 13 14 15 16 17 18 19 20 21 22 23 24 25 26 27 |
---------------+----------------------------------------------------------------------------------+-----
Shields        | 4 5 6 8 9 10 11 12 13 14 15 17 18 19 20 22 23 24 25 26 | 26.9
Armour         | 4 5 6 7 9 10 11 12 13 14 15 17 18 19 20 21 23 24 25 26 | 26.3
Fighting       | 4 5 6 7 9 10 11 12 13 14 15 17 18 19 20 21 23 24 25 26 | 26.7
Axes           | 3 4 5 6 7 8 9 10 12 13 14 15 17 18 19 20 21 22 24 25 26 | 26.4
Invocations    | 3 5 8 9 11 12 | 12.3
Throwing       | 3 6 7 8 12 13 15 16 | 16.8
Poison Magic   | 1 |  1.1
Dodging        | 14 21 23 | 23.4

Action                   |  1- 3 |  4- 6 |  7- 9 | 10-12 | 13-15 | 16-18 | 19-21 | 22-24 | 25-27 || total
-------------------------+-------+-------+-------+-------+-------+-------+-------+-------+-------++-------
Melee: War axe           |    85 |    81 |   127 |   453 |   839 |  1161 |  1173 |  1144 |  1352 ||  6415
       Headbutt          |     8 |    13 |    29 |    95 |   200 |   287 |   388 |   406 |   457 ||  1883
       Unarmed           |       |       |    22 |       |       |       |       |       |       ||    22
Throw: Boomerang         |       |       |       |    15 |    28 |    61 |    64 |   138 |   119 ||   425
       Javelin           |       |       |       |       |    45 |    91 |    15 |    19 |    57 ||   227
       Dart              |       |       |       |       |       |     2 |       |       |       ||     2
Invok: Heroism           |       |       |     4 |    23 |    45 |    49 |    39 |    39 |    46 ||   245
       Finesse           |       |       |       |       |     1 |     2 |     1 |     5 |    11 ||    20
       Duel              |       |       |       |       |       |     3 |     1 |     1 |       ||     5
Evoke: Wand              |       |       |       |       |       |       |       |       |     2 ||     2
       Phial of floods   |       |       |       |       |       |       |       |       |     1 ||     1
  Use: Scroll            |       |       |     4 |    16 |    15 |     2 |     2 |     6 |     5 ||    50
       Potion            |       |       |     1 |       |       |       |     4 |       |     8 ||    13
 Stab: Distracted        |       |       |       |     1 |       |       |       |       |       ||     1
Armor: Scale mail        |     4 |       |       |       |       |       |       |       |       ||     4
       Chain mail        |    31 |    34 |    47 |     4 |       |       |       |       |       ||   116
       Skin              |       |       |     1 |       |       |       |       |       |       ||     1
       Plate armour      |       |       |       |   135 |   343 |     8 |       |       |       ||   486
       Crystal plate arm |       |       |       |       |    45 |   582 |   249 |   305 |   311 ||  1492
Dodge: Dodged            |    17 |    17 |    51 |    84 |   234 |   233 |   107 |   128 |   340 ||  1211
       Repelled          |       |       |     1 |       |       |       |       |       |       ||     1
Block: Buckler           |    13 |       |       |       |       |       |       |       |       ||    13
       Kite shield       |    13 |    31 |    65 |   244 |   652 |   965 |   681 |   746 |   993 ||  4390
       Reflection        |       |       |       |     4 |    45 |    60 |    76 |    64 |    73 ||   322
